 Dungeon Crawl Stone Soup version 0.31-a0-496-g6f97920a28 (webtiles) character file.

Game seed: 17671422227543003431

2 lxXxl the Conjurer (level 1, 0/10 HPs)
             Began as a Gargoyle Wanderer on Aug 8, 2023.
             Slain by a kobold
             ... wielding a +2 short sword of electrocution
              (5 damage)
             ... on level 1 of the Dungeon.
             The game lasted 00:03:16 (74 turns).

lxXxl the Conjurer (Gargoyle Wanderer)                Turns: 74, Time: 00:03:17

Health: 0/10       AC:  5    Str: 13    XL:     1   Next: 30%
Magic:  3/3        EV: 10    Int: 12    God:
Gold:   0          SH:  4    Dex: 11    Spells: 4/4 levels left

rFire   . . .        a - +0 club
rCold   . . .        d - +0 buckler
rNeg    + . .        c - +0 leather armour
rPois   ∞            (no helmet)
rElec   +            (no cloak)
rCorr   .            (no gloves)
SInv    .            (no boots)
Will    .....        (no amulet)
Stlth   +            (no ring)
HPRegen 0.21/turn    (no ring)
MPRegen 0.08/turn

%: no passive effects
@: no status effects
A: sickness immunity, AC +2, negative energy resistance 1, electricity
resistance, torment resistance 1, petrification resistance
a: no special abilities


You were on level 1 of the Dungeon.
You visited 1 branch of the dungeon, and saw 1 of its levels.

Inventory:

Hand Weapons
 a - a +0 club (weapon)
 g - a +0 dagger
Missiles
 f - 6 stones
Armour
 c - a +0 leather armour (worn)
 d - a +0 buckler (worn)
 e - a +0 robe
Potions
 b - a potion of heal wounds


   Skills:
 + Level 2.1 Armour
 + Level 1.1 Shields
 + Level 2.0 Spellcasting
 + Level 3.4 Conjurations
 + Level 2.0 Fire Magic


You had 4 spell levels left.
You didn't know any spells.
Your spell library contained the following spells:

 Spells                   Type           Power      Damage    Failure   Level
 Foxfire                  Conj/Fire      28%        2x1d5     16%         1
 Shock                    Conj/Air       20%        1d4       24%         1
 Momentum Strike          Conj/Tloc      10%        3d8       36%         2
 Dazzling Flash           Conj/Hex       10%        N/A       58%         3
 Volatile Blastmotes      Fire/Tloc      6%         2d10      67%         3


Dungeon Overview and Level Annotations

Branches:
Dungeon (1/15)

Altars:


Innate Abilities, Weirdness & Mutations

You are immune to sickness and miasma.
Your stone body is resilient. (AC +2)
You are immune to poison.
You resist negative energy. (rN+)
You are resistant to electric shocks. (rElec)
You are resistant to unholy torment.
You are immune to petrification.


Message History

There is an open door here.
There is an open door here.
A kobold and a hobgoblin come into view.
The kobold is wielding a +2 short sword of electrocution.
The kobold shouts!
The kobold moves out of view.
A giant cockroach comes into view.
A kobold comes into view. It is wielding a +0 club.
The kobold shouts!
You hear an angry hiss.
You block the hobgoblin's attack.
You hit the hobgoblin but do no damage.
The hobgoblin hits you but does no damage.
You barely miss the hobgoblin. The hobgoblin hits you.
You block the hobgoblin's attack.
You closely miss the hobgoblin. The hobgoblin barely misses you.
You barely miss the hobgoblin.
A ball python comes into view.
The hobgoblin barely misses you.
You hit the hobgoblin but do no damage. The hobgoblin closely misses you.
The hobgoblin hits you.
You hit the hobgoblin.
The hobgoblin is heavily wounded.
You block the hobgoblin's attack.
You hit the hobgoblin.
The hobgoblin is almost dead.
The hobgoblin hits you but does no damage.
You hit the hobgoblin.
You kill the hobgoblin!
The kobold closely misses you.
You hit the kobold.
The kobold is severely wounded.
The kobold closely misses you.
You barely miss the kobold.
The kobold is severely wounded.
The kobold hits you with a +2 short sword of electrocution.
You hit the kobold but do no damage.
The kobold is severely wounded.
The kobold hits you with a +2 short sword of electrocution.
Ouch! That really hurt!
You die...

##.# #..#
#.## #.#
#.# . #.#
... #.#
....K####.#
....SBK@..#
..#########


You could see a giant cockroach, a ball python and 2 kobolds.

Vanquished Creatures
  A hobgoblin (D:1)
  A goblin (D:1)
2 creatures vanquished.

Notes
Turn   | Place    | Note
-------+----------+-------------------------------------------
     0 | D:1      | lxXxl the Gargoyle Wanderer began the quest for the Orb.
     0 | D:1      | lxXxl set off with the following items: a +0 club, a potion
                  | of heal wounds, a +0 leather armour, a +0 buckler; and the
                  | following spells available to memorise: Foxfire, Shock,
                  | Momentum Strike, Dazzling Flash, Volatile Blastmotes.
     0 | D:1      | Reached XP level 1. HP: 10/10 MP: 3/3
    74 | D:1      | Slain by a kobold

Illustrated notes

Levels and vault maps discovered:
D:1:      dpeg_arrival_rooms_b, layout_loops_ring,
          nicolae_houndstooth_variations

Action                     || total
---------------------------++-------
  Melee: Club              ||    15
 Armour: Leather armour    ||     3
  Dodge: Dodged            ||     6
  Block: Buckler           ||     4

Table legend: (Time is in decaauts)
 A = Elapsed time spent in this place.
 B = Non-inter-level travel time spent in this place.
 C = Inter-level travel time spent in this place.
 D = Time resting spent in this place.
 E = Time spent auto-exploring this place.
 F = Levels seen in this place.
 G = Mean time per level.
                   A        B        C        D        E       F      G
               +--------+--------+--------+--------+--------+-----+--------+
         Total |     78 |     36 |     42 |      0 |      0 |   1 |   78.0 |
       Dungeon |     78 |     36 |     42 |      0 |      0 |   1 |   78.0 |
               +--------+--------+--------+--------+--------+-----+--------+

Top non-repeatable levels by time:
     D:1: 78 daAuts
